 Dungeon Crawl Stone Soup version 0.17-a0-1504-gb7d9117 (webtiles) character file.

275 Parakulo the Conjurer (level 5, 0/38 HPs)
             Began as a Demigod Conjurer on July 8, 2015.
             Succumbed to poison (a potion of poison)
             ... on level 4 of the Dungeon.
             The game lasted 00:13:37 (3028 turns).

Parakulo the Conjurer (Demigod Conjurer)            Turns: 3028, Time: 00:13:37

Health: 0/38       AC:  7    Str: 11    XL:     5   Next: 73%
Magic:  3/13       EV: 12    Int: 21    God:
Gold:   227        SH:  0    Dex: 16    Spells: 3 memorised, 5 levels left

rFire  . . .     SeeInvis .     q - +1 short sword (drain)
rCold  . . .     Clarity  .     a - +0 robe
rNeg   . . .     SustAt   +     (no shield)
rPois  .         Gourm    .     r - +2 helmet
rElec  .         Spirit   .     k - +1 cloak
rCorr  .         Warding  .     (no gloves)
rMut   .         Stasis   .     (no boots)
MR     .....                    (no amulet)
Stlth  ++........               (no ring)
                                (no ring)

@: lethally poisoned (0 -> -4), very slightly contaminated, invisible, not
resistant to hostile enchantments, unstealthy
A: high mp 1, sustain attributes
a: no special abilities


You were on level 4 of the Dungeon.
You were not hungry.

You visited 1 branch of the dungeon, and saw 4 of its levels.

You collected 227 gold pieces.

Inventory:

Hand weapons
 o - a +1 mace of crushing
 q - a +1 short sword of draining (weapon)
 w - a +0 blowgun
Missiles
 v - 22 poisoned needles
Armour
 a - a +0 robe (worn)
 k - a +1 cloak (worn)
 r - a +2 helmet (worn)
Jewellery
 z - an uncursed ring of ice
Magical devices
 n - a wand of heal wounds (2)
Scrolls
 d - a scroll of fog
 f - 2 scrolls of identify
 m - a scroll of magic mapping {unknown}
 t - a scroll of amnesia {unknown}
 x - a scroll of recharging {unknown}
 A - a scroll of enchant weapon {unknown}
Potions
 u - a potion of cancellation
Books
 b - a book of Conjurations

   Spells                             Type                      Level
   a - Magic Dart                     Conjuration                  1
   b - Searing Ray                    Conjuration                  2
   c - Dazzling Spray                 Conjuration/Hexes            3
   d - Fulminant Prism                Conjuration/Hexes            4
   e - Iskenderun's Mystic Blast      Conjuration                  4
   f - Iskenderun's Battlesphere      Conjuration/Charms           5
Comestibles
 c - 6 bread rations
 s - a meat ration


   Skills:
 - Level 1.7 Dodging
 - Level 1.7 Stealth
 + Level 3.5 Spellcasting
 + Level 5.6 Conjurations
 + Level 0.5 Hexes


You had 5 spell levels left.
You knew the following spells:

 Your Spells              Type           Power        Failure   Level  Hunger
a - Magic Dart            Conj           ####         1%          1    None
b - Searing Ray           Conj           ####..       1%          2    ##.....
c - Dazzling Spray        Conj/Hex       ###.....     14%         3    ###....


Dungeon Overview and Level Annotations

Branches:
Dungeon (4/15)
 Temple: D:4-7

Annotations:
D:4 Sigmund


Innate Abilities, Weirdness & Mutations

You have an increased reservoir of magic (+10% MP).
Your attributes are resistant to harm.


Message History

You feel sick.
* * * LOW HITPOINT WARNING * * *
You feel sick.
* * * LOW HITPOINT WARNING * * *
You feel sick.
* * * LOW HITPOINT WARNING * * *
You feel sick.
A kobold and Sigmund come into view.
* * * LOW HITPOINT WARNING * * *
You feel sick.
* * * LOW HITPOINT WARNING * * *
You feel sick.
* * * LOW HITPOINT WARNING * * *
You feel sick.
Found a stone staircase leading down.
Found a stone staircase leading up.
* * * LOW HITPOINT WARNING * * *
You feel sick.
An orc comes into view. It is wielding a hand axe.
You die...

#....# ..
##...##
..####....#
...#..l...#
#.........#
##.......##
#..?....##
##.@.....#
##.K.@..#
....#.....#
.............
##>.........##
o....#<...###
.#####..#..
#.####. ## ##


You could see Sigmund, an orc (sleeping), a kobold (sleeping) and a giant newt
(sleeping).

Vanquished Creatures
  An ice beast (D:4)
  An ogre (D:4)
  Robin (D:1)
  3 adders
  An ooze (D:1)
  2 worms
  5 bats
  2 giant cockroaches (D:2)
  10 hobgoblins
  8 kobolds
  A quokka (D:3)
  A giant gecko (D:2)
  2 giant newts
  12 goblins
  6 rats
56 creatures vanquished.

Notes
Turn   | Place    | Note
--------------------------------------------------------------
     0 | D:1      | Parakulo the Demigod Conjurer began the quest for the Orb.
     0 | D:1      | Reached XP level 1. HP: 14/14 MP: 5/5
   349 | D:1      | Reached XP level 2. HP: 20/20 MP: 1/7
   353 | D:1      | Learned a level 2 spell: Searing Ray
   358 | D:1      | Reached skill level 4 in Conjurations
   886 | D:2      | Reached XP level 3. HP: 23/26 MP: 1/8
   945 | D:2      | Noticed Robin
  1039 | D:1      | Learned a level 3 spell: Dazzling Spray
  1289 | D:1      | Killed Robin
  1768 | D:2      | Reached XP level 4. HP: 33/33 MP: 8/10
  2010 | D:3      | Found an iron altar of Okawaru.
  2011 | D:3      | Found a stormy altar of Qazlal.
  2011 | D:3      | Found a shattered altar of Ashenzari.
  2562 | D:3      | Reached skill level 5 in Conjurations
  2804 | D:4      | Noticed an ice beast
  2814 | D:4      | Killed an ice beast
  2814 | D:4      | Reached XP level 5. HP: 13/38 MP: 2/12
  2928 | D:4      | Noticed an ogre
  2936 | D:4      | Killed an ogre
  3003 | D:4      | Noticed an ogre
  3021 | D:4      | Noticed Sigmund
  3026 | D:4      | HP: 1/38 [poison (a potion of poison)]
  3028 | D:4      | Succumbed to poison (a potion of poison)

Vault maps used:
D:1:      mrwooster_arrival_arrow, minmay_misc_feat_tower
D:2:      serial_glass, glass_columns_c, glass_columns_c, uniq_robin
D:3:      gammafunk_temple_overflow_claw, first_bread
D:4:      uniq_sigmund

Action                   |  1- 3 |  4- 6 || total
-------------------------+-------+-------++-------
Melee: Mace              |     6 |       ||     6
       Short sword       |     2 |    53 ||    55
 Fire: Blowgun           |       |     4 ||     4
 Cast: Magic Dart        |    83 |    29 ||   112
       Searing Ray       |     2 |     2 ||     4
       Dazzling Spray    |       |     6 ||     6
  Use: Scroll            |       |     5 ||     5
       Potion            |       |     3 ||     3
 Stab: Distracted        |       |     1 ||     1
       Sleeping          |       |     1 ||     1
  Eat: Chunk             |     1 |     1 ||     2
       Beef jerky        |     1 |       ||     1
       Fruit             |       |     4 ||     4
       Pizza             |       |     1 ||     1
